 Dungeon Crawl Stone Soup version 0.31-a0-795-g5eb97db20b (webtiles) character file.

Game seed: 17298467661552868261

157 pokeman the Magician (level 5, -7/29 HPs)
             Began as a Deep Elf Hedge Wizard on Sept 18, 2023.
             Mangled by a sleepcap (21 damage)
             ... on level 4 of the Dungeon.
             The game lasted 00:04:48 (3901 turns).

pokeman the Magician (Deep Elf Hedge Wizard)        Turns: 3901, Time: 00:04:48

Health: -7/29      AC:  4    Str:  7    XL:     5   Next: 15%
Magic:  2/15       EV:  2    Int: 21    God:
Gold:   174        SH:  0    Dex: 14    Spells: 0/16 levels left

rFire   . . .        a - +0 dagger
rCold   . . .        (no shield)
rNeg    . . .        b - +0 robe
rPois   .            o - +0 helmet
rElec   .            g - +0 cloak
rCorr   .            (no gloves)
SInv    .            (no boots)
Will    .....        (no amulet)
Stlth   ++           (no ring)
HPRegen 0.24/turn    (no ring)
MPRegen 0.14/turn

%: no passive effects
@: sleeping, very slightly contaminated
A: no striking features
a: no special abilities


You were on level 4 of the Dungeon.
You visited 1 branch of the dungeon, and saw 4 of its levels.

You collected 174 gold pieces.

Inventory:

Hand Weapons
 a - a +0 dagger (weapon)
Armour
 b - a +0 robe (worn)
 g - a +0 cloak (worn)
 o - a +0 helmet (worn)
Magical Staves
 p - a staff of death
Scrolls
 e - a scroll of poison {unknown}
 h - a scroll of enchant weapon {unknown}
 i - 2 scrolls of identify {unknown}
 k - a scroll of vulnerability {unknown}
 l - 3 scrolls of teleportation {unknown}
 m - a scroll of fog {unknown}
Potions
 c - a potion of brilliance {unknown}
 d - 2 potions of magic
 f - a potion of curing {unknown}
 j - a potion of invisibility {unknown}
 n - 2 potions of attraction {unknown}


   Skills:
 - Level 1.0 Fighting
 - Level 1.0 Armour
 - Level 3.0 Dodging
 - Level 3.0 Stealth
 * Level 6.1 Spellcasting
 + Level 2.4 Conjurations
 - Level 1.1 Summonings
 + Level 0.0 Necromancy
 - Level 1.1 Translocations
 + Level 0.1 Fire Magic
 + Level 0.6 Air Magic
 + Level 0.0 Earth Magic
 + Level 0.0 Poison Magic


You couldn't memorise any spells.
You knew the following spells:

 Your Spells              Type           Power      Damage    Failure   Level
a - Magic Dart            Conj           64%        1d6       3%          1
b - Mephitic Cloud        Conj/Pois/Air  10%        N/A       19%         3
c - Call Imp              Summ           22%        N/A       10%         2
d - Blink                 Tloc           22%        N/A       10%         2
e - Stone Arrow           Conj/Erth      22%        3d8       17%         3
f - Fireball              Conj/Fire      5%         3d5       85%         5

Your spell library contained the following spells:

 Spells                   Type           Power      Damage    Failure   Level
 Slow                     Hex            24%        N/A       10%         1
 Cigotuvi's Dreadful Rot  Necr/Pois/Air  14%        N/A       13%         2
 Animate Armour           Summ/Erth      16%        N/A       58%         4
 Cause Fear               Hex            3%         N/A       67%         4
 Lehudib's Crystal Spear  Conj/Erth      5%         10d3      100%        8
 Dragon's Call            Summ           5%         N/A       100%        9


Dungeon Overview and Level Annotations

Branches:
Dungeon (4/15)
 Temple: D:4-7

Altars:
Okawaru

Shops:
D:3 =

Annotations:
D:3 1 runed translucent door, Doj's ghost, amateur HOMo


Message History

Casting: Stone Arrow (quite dangerous; 17% risk of failure)
Confirm with . or Enter, or press ? or * to list all spells.
Aiming: Stone Arrow (quite dangerous; 17% risk of failure)
Press: ? - help, Shift-Dir - straight line, f/p - sleepcap
Aim: a sleepcap (moderately damaged, 100% to hit)
The stone arrow hits the sleepcap.
The sleepcap is heavily damaged.
The sleepcap releases spores at you.
You are engulfed in a cloud of soporific spores!
You fall asleep.
The sleepcap releases spores at you.
You wake up.
Unknown command.
Casting: Stone Arrow (quite dangerous; 17% risk of failure)
Confirm with . or Enter, or press ? or * to list all spells.
A tiny devil pulls itself out of the air.
The sleepcap releases spores at you.
Unknown command.
You hit the sleepcap but do no damage.
You punch the sleepcap, but do no damage.
The sleepcap is heavily damaged.
Your cerulean imp hits the sleepcap but does no damage.
The sleepcap releases spores at you but does no damage.
You hit the sleepcap but do no damage.
The sleepcap is heavily damaged.
The sleepcap barely misses you.
Your cerulean imp hits the sleepcap with a -3 spear.
You hit the sleepcap.
The sleepcap is severely damaged.
Your cerulean imp hits the sleepcap but does no damage.
The sleepcap releases spores at your cerulean imp!
Your cerulean imp is engulfed in a cloud of soporific spores!
You hit the sleepcap but do no damage.
The sleepcap is severely damaged.
Your cerulean imp hits the sleepcap with a -3 spear.
The sleepcap releases spores at you!
You are engulfed in a cloud of soporific spores!
You fall asleep.
The sleepcap releases spores at you!!
Ouch! That really hurt!
You die...

#.. ... ##
.. ... ..
..###..
#.##.....
.. .....
#. ..5 #.
#f#
#.##.###@#
#....<...#
####.#####
#. .. ###


You could see a sleepcap (ally target) and a friendly cerulean imp (summoned).

Vanquished Creatures
  A jelly (D:3)
  3 adders (D:2)
  A gnoll (D:1)
  2 worms (D:2)
  5 dart slugs
  An orc (D:3)
  2 ball pythons
  8 bats
  8 endoplasms
  4 giant cockroaches
  6 goblins
  7 hobgoblins
  3 jackals (D:1)
  9 kobolds
  7 frilled lizards
  7 rats
74 creatures vanquished.

Notes
Turn   | Place    | Note
-------+----------+-------------------------------------------
     0 | D:1      | pokeman the Deep Elf Hedge Wizard began the quest for the
                  | Orb.
     0 | D:1      | Reached XP level 1. HP: 10/10 MP: 7/7
   205 | D:1      | Reached XP level 2. HP: 16/16 MP: 3/9
   619 | D:1      | Reached skill level 5 in Spellcasting
   704 | D:1      | Reached XP level 3. HP: 6/20 MP: 2/11
   708 | D:1      | Learned a level 3 spell: Mephitic Cloud
   711 | D:1      | Learned a level 2 spell: Call Imp
   714 | D:1      | Learned a level 2 spell: Blink
  1183 | D:1      | Reached skill level 1 in Fighting
  1420 | D:1      | Reached skill level 1 in Armour
  2222 | D:2      | Reached XP level 4. HP: 25/25 MP: 10/13
  2409 | D:2      | Learned a level 3 spell: Stone Arrow
  2974 | D:3      | Found a runed translucent door.
  3128 | D:3      | Reached skill level 6 in Spellcasting
  3128 | D:3      | Reached XP level 5. HP: 29/29 MP: 6/15
  3134 | D:3      | Learned a level 5 spell: Fireball
  3246 | D:3      | Found Modocw's Jewellery Boutique.
  3368 | D:3      | Noticed Doj's ghost (amateur HOMo)
  3704 | D:3      | Found an iron altar of Okawaru.
  3901 | D:4      | Mangled by a sleepcap

Illustrated notes

Levels and vault maps discovered:
D:1:      minmay_arrival_up_and_down, layout_basic, serial_co_window_serial,
          co_window_paths_a, co_window_corner_a, co_window_corner_a,
          co_window_corner_a, co_window_of_opportunity_a, co_window_corner_ca,
          co_window_of_opportunity_b, co_window_2corner, co_window_broadway_b,
          co_window_cross_3
D:2:      layout_rooms
D:3:      layout_loops_ring, lemuel_tele_altar, serial_shops,
          nicolae_shop_back_alley_shop, ebering_ghost_sewer_d
D:4:      layout_loops_ring, serial_shops, shop, dk_rats_in_the_wall

Skill      XL: |  1  2  3  4 |
---------------+-------------+-----
Spellcasting   | 5 6 |  6.1
Fighting       | 1 |  1.0
Armour         | 1 |  1.0
Conjurations   | 2 |  2.4
Dodging        | 3 |  3.0
Stealth        | 3 |  3.0
Summonings     | |  1.1
Translocations | |  1.1
Fire Magic     | |  0.1
Air Magic      | |  0.6

Action                     |  1- 3 |  4- 6 || total
---------------------------+-------+-------++-------
  Melee: Dagger            |    24 |     4 ||    28
         Punch             |       |     1 ||     1
   Cast: Magic Dart        |   111 |    86 ||   197
         Stone Arrow       |       |     5 ||     5
         Call Imp          |       |     1 ||     1
 Armour: Robe              |    34 |    11 ||    45
  Dodge: Dodged            |    36 |     9 ||    45

Table legend: (Time is in decaauts)
 A = Elapsed time spent in this place.
 B = Non-inter-level travel time spent in this place.
 C = Inter-level travel time spent in this place.
 D = Time resting spent in this place.
 E = Time spent auto-exploring this place.
 F = Levels seen in this place.
 G = Mean time per level.
                   A        B        C        D        E       F      G
               +--------+--------+--------+--------+--------+-----+--------+
         Total |   3900 |   3779 |    121 |     18 |   3300 |   4 |  975.0 |
       Dungeon |   3900 |   3779 |    121 |     18 |   3300 |   4 |  975.0 |
               +--------+--------+--------+--------+--------+-----+--------+

Top non-repeatable levels by time:
     D:1: 2016 daAuts
     D:2: 956 daAuts
     D:3: 911 daAuts
     D:4: 15 daAuts
